[Event "*** Titled Tuesday Blitz"]
[Site "Chess.com"]
[Date "2021.04.27"]
[Round "3"]
[White "chessmachine14"]
[Black "JoachimMouhamad"]
[Result "0-1"]
[WhiteElo "2262"]
[BlackElo "2452"]
[TimeControl "180+1"]
[EndTime "10:29:50 PDT"]
[Termination "JoachimMouhamad won by checkmate"]

1. d4 d5 2. Nf3 e6 3. g3 c5 4.
c3 Nc6 5. Bg2 Nf6 6. O-O Be7 7. Nbd2 O-O 8. Re1 Ne4 9. Ne5 Nxe5 10. Nxe4 Nd7 11. Nxc5 Nxc5 12. dxc5 Bxc5 13. e4 Qb6 14.
Qc2 dxe4 15. Bxe4 f5 16. Bg2 Bd7 17. Bf4 Rae8 18. b4 Be7 19. Rad1 Bc8 20. a3 Bf6 21. Bd6 Rf7 22. c4 Rd7 23. c5 Qd8 24. Bf1 g6 25. Bb5 Kg7 26. Qb3 e5 27. Bxd7 Bxd7 28.
b5 Qc8 29. Qb4 a6 30. bxa6 bxa6 31. Rb1 Bc6 32. Qb6 e4 33. Qc7+ Qxc7 34. Bxc7 Bb5 35. Red1 Rc8 36. Bd6 Bg5 37. Rb4 e3 38. f4 Bf6 39. Re1 e2 40. Rb2 Bxb2 41. Kf2 Bd4+ 42. Kf3 Bc3 43. Rxe2 Bxe2+ 44. Kxe2 Bd4 45. Kd3 Bxc5 46.
Be5+ Kf7 47. a4 Be7 48. Kd4 Ke6 49. h4 Rd8+ 50. Kc4 Rd5 51. a5 Bd8 52. Bc3 Bxa5 53. Bh8 Bd8 54. Kb4 a5+ 55. Ka4 Rd3 56. h5 gxh5 57. g4 hxg4 58. Be5 Rd5 59. Kb3 Rxe5 60. Ka4 Re4+ 61. Kb5 Rxf4 62. Kc6 g3 63. Kb7 g2 64. Kc8 Bf6 65. Kc7 a4 66. Kc6 a3 67. Kb5 a2 68.
Ka5 h5 69. Kb5 h4 70. Kc6 h3 71. Kb5 h2 72. Kc6 h1=Q 73. Kb5 Qc1 74. Kb6 Rb4+ 75. Ka5 Qc5+ 76. Ka6 Qb6# 0-1

[Event "*** Titled Tuesday Blitz"]
[Site "Chess.com"]
[Date "2021.04.27"]
[Round "3"]
[White "SF-96"]
[Black "Vanina1989"]
[Result "0-1"]
[WhiteElo "2603"]
[BlackElo "2807"]
[TimeControl "180+1"]
[EndTime "10:29:51 PDT"]
[Termination "Vanina1989 won by resignation"]

1. Nf3 d5 2. g3 c6 3. Bg2 Bg4 4.
O-O Nd7 5. c4 e6 6. d4 Ngf6 7.
Qb3 Qb6 8. Nc3 Be7 9. h3 Bh5 10. cxd5 Qxb3 11. axb3 exd5 12. Ne5 Nxe5 13. dxe5 Nd7 14. f4 f6 15. e6 Nc5 16. g4 Nxb3 17.
Rb1 Bc5+ 18. Kh1 Bg6 19. f5 h5 20. fxg6 hxg4 21. Bf4 Ke7 22. Rbd1 gxh3 23. Bf3 Nd4 24. Be3 Nxe6 25. Bxc5+ Nxc5 26. b4 Ne6 27. b5 d4 28. Ne4 cxb5 29. Bg4 Rh4 30. Bxe6 Kxe6 31. Nc5+ Kd5 32. Rf5+ Kd6 33. Nxb7+ Kc6 34. Rc1+ Kb6 35. Nd6 a6 36. Rd5 Rf4 37. Nf5 Re8 38. Rd6+ Ka5 39.
Nxd4 Ree4 40. Nc6+ Ka4 41. Ra1+ Kb3 42. Rd3+ Kb2 43. Rad1 Rxe2 44. R3d2+ Rxd2 45. Rxd2+ Kc3 46. Rd7 b4 47. Nxb4 Rxb4 48. Rxg7 Rg4 49. Ra7 Rxg6 50. Rxa6 Kd4 51. Kh2 Rh6 52. Ra5 Ke4 53. Ra4+ Kf5 54. Ra5+ Kg4 55. Ra4+ Kg5 56. Ra5+ f5 57. Ra8 Kg4 58.
Rg8+ Kf3 59. Ra8 f4 60. Ra3+ Kg4 61. Ra4 Rb6 62. Ra2 Rb3 63. Rc2 Re3 64. Ra2 Rg3 65. Rb2 Kf3 66. Rb3+ Kg4 67. Rb2 Re3 68. Ra2 Re4 69. Rb2 f3 70. Kg1 Re1+ 71. Kf2 h2 72.
Rb4+ Kf5 73. Rb5+ Kf4 74. Rb4+ Re4 75. Rb1 Re2+ 0-1

[Event "*** Titled Tuesday Blitz"]
[Site "Chess.com"]
[Date "2021.04.27"]
[Round "3"]
[White "Buffy7"]
[Black "MartinMatthiesen"]
[Result "0-1"]
[WhiteElo "2687"]
[BlackElo "2453"]
[TimeControl "180+1"]
[EndTime "10:29:51 PDT"]
[Termination "MartinMatthiesen won by checkmate"]

1. d4 Nf6 2. c4 e6 3. Nf3 d5 4. g3 Be7 5. Bg2 O-O 6. O-O dxc4 7.
Qc2 a6 8. a4 b6 9. Bg5 Bb7 10.
Nbd2 Nbd7 11. e4 c5 12. e5 Nd5 13. Bxe7 Qxe7 14. Nxc4 cxd4 15. Nxd4 Rfc8 16. b3 Nxe5 17. Rfe1 Nxc4 18. bxc4 Nb4 19. Qb3 Bxg2 20. Kxg2 Qb7+ 21. Kg1 Nc6 22. Rad1 Na5 23. Qe3 Nxc4 24. Qg5 h6 25. Qg4 Rc5 26. Nxe6 fxe6 27. Rxe6 Qf7 28. Rde1 Rf8 29. f4 Qf5 30. Qf3 Kh8 31. Re7 b5 32.
axb5 axb5 33. Ra1 Rcc8 34. Raa7 Rg8 35. Qb7 Qc5+ 36. Kg2 Nd6 37. Qf3 Qc2+ 38. Kh3 Qf5+ 39. g4 Qc2 40. Re3 b4 41. Rd7 Nb5 42. f5 Rc3 43. f6 Rxe3 44. Qxe3 Qc3 45. Qxc3 Nxc3 46. f7 Rf8 47. Rb7 Nd5 48. Kg3 g6 49. Rb5 Nf6 50.
Rxb4 Kg7 51. h3 Rxf7 52. Rb6 Rd7 53. Re6 Rd3+ 54. Kg2 g5 55. Re7+ Kg6 56. Re6 Kf7 57. Ra6 Re3 58. Kh2 Kg7 59. Ra7+ Kg6 60. Ra6 Rd3 61.
Kg2 Re3 62. Kh2 Rb3 63. Kg2 Kf7 64. Ra7+ Ke6 65. Ra6+ Ke5 66. Ra5+ Nd5 67. h4 Ke4 68. Ra6 Nf4+ 69. Kh2 Rh3+ 70. Kg1 Rxh4 71. Ra4+ Kf3 72. Ra3+ Kxg4 73. Kf2 Rh2+ 74. Ke1 h5 75. Rb3 h4 76. Rb5 Rg2 77. Rxg5+ Kxg5 78. Kf1 h3 79. Ke1 h2 80. Kf1 h1=Q# 0-1

[Event "*** Titled Tuesday Blitz"]
[Site "Chess.com"]
[Date "2021.04.27"]
[Round "3"]
[White "Vladyslav_Puchka"]
[Black "Kostukov_Alex"]
[Result "0-1"]
[WhiteElo "2106"]
[BlackElo "2310"]
[TimeControl "180+1"]
[EndTime "10:29:51 PDT"]
[Termination "Kostukov_Alex won by resignation"]

1. d4 g6 2. c4 Bg7 3. Nc3 d6 4. g3 e5 5. dxe5 dxe5 6. Qxd8+ Kxd8 7. e4 f6 8. Bg2 c6 9. Nge2 Be6 10. b3 Nd7 11.
O-O Kc7 12. Be3 Bh6 13. Bxh6 Nxh6 14. h3 Nf7 15. Rad1 a5 16. f4 Nc5 17. Kh2 Rhd8 18.
g4 Nd3 19. f5 gxf5 20. exf5 Bc8 21. Ne4 a4 22. b4 Nxb4 23. Rxd8 Nxd8 24. N2c3 a3 25. Nxf6 h6 26. Re1 Nf7 27. h4 Ra5 28. Nfe4 Nd3 29. Re2 Nf4 30. Rd2 h5 31. Kg3 hxg4 32. Kxg4 Nh6+ 33. Kg5 Nxf5 34. h5 Nd4 35. h6 Be6 36. Kf6 Bxc4 37. h7 Ra8 38. Kg7 Nde6+ 39.
Kf6 Rh8 40. Ng5 Nxg5 41. Kxg5 Rxh7 42. Be4 Rg7+ 43. Kf6 Rg3 44. Nb1 Nd5+ 45. Kxe5 Re3 46. Kd4 Re1 47. Bxd5 Rxb1 48. Bxc4 Rb2 49. Rd3 b5 50. Bb3 Kb6 51. Rc3 c5+ 52. Rxc5 Rd2+ 53. Kc3 Rg2 54. Re5 Rg3+ 55. Kc2 Ka5 56. Re6 Kb4 57. Re4+ Kc5 58. Re2 Kb4 59. Rd2 Re3 60. Rf2 Rc3+ 61. Kd2 Rxb3 62. axb3 Kxb3 63. Rf3+ Kb2 64.
Kd3 a2 65. Rf2+ Kb1 66. Rf1+ Kb2 67. Rf2+ Ka3 68. Rf1 b4 69. Kc4 b3 70. Kc3 b2 71.
Kc2 a1=Q 72. Rb1 Ka2 73. Rxa1+ bxa1=Q 0-1

[Event "*** Titled Tuesday Blitz"]
[Site "Chess.com"]
[Date "2021.04.27"]
[Round "3"]
[White "debashisdebs"]
[Black "Goryachkina"]
[Result "1-0"]
[WhiteElo "2941"]
[BlackElo "2658"]
[TimeControl "180+1"]
[EndTime "10:29:52 PDT"]
[Termination "debashisdebs won by resignation"]

1. d4 d5 2. c4 e6 3. Nf3 Nf6 4. g3 Bb4+ 5. Bd2 Bd6 6. Bg2 O-O 7. Nc3 c6 8. Bg5 h6 9. Bxf6 Qxf6 10. O-O Qd8 11. Rc1 Nd7 12. b3 Qe7 13. c5 Bc7 14. e4 b6 15. Re1 Qd8 16. b4 a5 17.
exd5 axb4 18. dxc6 bxc3 19. cxd7 Bxd7 20. Ne5 Rxa2 21.
Qb3 Ra5 22. Qxc3 bxc5 23. dxc5 Bb5 24. c6 Qa8 25. Nd7 Rd8 26. Ra1 Ra2 27. Rxa2 Qxa2 28. Qc5 Qd2 29. Rb1 Bd3 30. Qc1 Qxc1+ 31. Rxc1 e5 32. h4 e4 33. Nc5 f5 34. Ne6 Rc8 35. Bh3 g6 36. Nxc7 Rxc7 37. h5 Bb5 38. hxg6 Rxc6 39. Rxc6 Bxc6 40. Bxf5 Kg7 41. Kf1 Kf6 42. g4 h5 43. g7 Kxg7 44. gxh5 Kf6 45. Bg6 Kg5 46. Ke2 Bd7 47. Ke3 Bc6 48. Bxe4 Bd7 49. Bg6 Kh6 50. f4 Bc8 51. Ke4 Bd7 52. Ke5 Bc8 53.
Kf6 Bd7 54. Bf5 Bc6 55. Bg4 Be4 56. Ke5 Bc2 57. Bf5 Ba4 58. Bg6 Bd7 59. Kf6 Bc8 60. Ke7 Bg4 61. Kd6 Bc8 62. Ke5 Bd7 63. Bf5 Ba4 64. Bg4 Bc2 65. Bf3 Bd3 66. Be4 Bc4 67. f5 Kxh5 68. f6 Bb5 69. f7 1-0

[Event "*** Titled Tuesday Blitz"]
[Site "Chess.com"]
[Date "2021.04.27"]
[Round "3"]
[White "Willychess95"]
[Black "lamomiablanca"]
[Result "1-0"]
[WhiteElo "2603"]
[BlackElo "2392"]
[TimeControl "180+1"]
[EndTime "10:29:52 PDT"]
[Termination "Willychess95 won by resignation"]

1. e4 c5 2. Nf3 Nc6 3. d4 cxd4 4. Nxd4 g6 5. c4 Nf6 6. Nc3 d6 7. Be2 Nxd4 8. Qxd4 Bg7 9. Be3 O-O 10. Qd2 a5 11. O-O a4 12. f3 Qa5 13. Rab1 Be6 14. Rfc1 Rfc8 15. b3 axb3 16. axb3 Qb4 17. Na4 Qxd2 18.
Bxd2 Nd7 19. Be3 f5 20. Bd3 Ne5 21. Bc2 Nd7 22. exf5 gxf5 23. Re1 Kf7 24. Bd3 Rc6 25. f4 Nc5 26. Nxc5 dxc5 27. Be2 Ra3 28. Bf3 Rc7 29.
Bc1 Ra2 30. Bh5+ Kf6 31. Bb2+ Rxb2 32. Rxb2 Rd7 33. Rbe2 Rd6 34. Bf3 b6 35. Bh5 Bf8 36. g3 Bd7 37. Bf3 e6 38. Re3 Rd4 39. Rd1 Kf7 40.
Red3 Bg7 41. Rxd4 Bxd4+ 42. Kf1 b5 43. cxb5 Bxb5+ 44. Be2 Bc6 45. Bc4 Kf6 46. Re1 Be4 47.
Ke2 h6 48. Rd1 Ke7 49. Bd3 Bd5 50. Bc4 Be4 51. Kd2 Kd6 52. Re1 e5 53. fxe5+ Kxe5 54. Bd3 Kd5 55. Bxe4+ fxe4 56. Rf1 Ke6 57. Rf4 e3+ 58.
Kd3 Ke5 59. Re4+ Kf5 60. Re8 Kg4 61. b4 Kh3 62. b5 Kxh2 63. b6 c4+ 64. Kxd4 c3 65.
Kxc3 Kxg3 66. Kd3 e2 67. Rxe2 1-0

[Event "*** Titled Tuesday Blitz"]
[Site "Chess.com"]
[Date "2021.04.27"]
[Round "3"]
[White "serhanberat_ozdemir"]
[Black "Andreikka"]
[Result "0-1"]
[WhiteElo "2566"]
[BlackElo "2876"]
[TimeControl "180+1"]
[EndTime "10:29:55 PDT"]
[Termination "Andreikka won by resignation"]

1. e4 c6 2. d4 d5 3. exd5 cxd5 4.
c4 Nf6 5. Nc3 e6 6. Nf3 Be7 7.
Bd3 O-O 8. O-O dxc4 9. Bxc4 Nc6 10. Bg5 b6 11. Re1 Bb7 12. Rc1 Rc8 13. Bd3 Nb4 14.
Bb1 Nbd5 15. Ne5 Nxc3 16. bxc3 Qd5 17. f3 Qd6 18. Qd3 g6 19. Bf4 Qa3 20. Bg5 Nd5 21. Bxe7 Qxe7 22. c4 Nf6 23. Qe3 Rfd8 24. Red1 Nd7 25.
Ng4 h5 26. Ne5 Nxe5 27. Qxe5 Qd6 28. Qg5 Kg7 29. Be4 Rd7 30. h4 Bxe4 31. fxe4 Rdc7 32. e5 Qd8 33. Qxd8 Rxd8 34. Rc3 Rc5 35. Rdd3 Rc7 36. Rd2 Rcd7 37. Rcd3 Rc8 38. d5 Re7 39. d6 Rd7 40.
Rd4 Rc5 41. Re2 f6 42. exf6+ Kxf6 43. Rf4+ Rf5 44. Rd4 e5 45. Rd5 Ke6 46. Red2 Rf4 47. c5 Rc4 48. cxb6 axb6 49. Rb5 Rc6 50. a4 Rdxd6 51.
Re2 Rd5 52. Rxd5 Kxd5 53. Rd2+ Ke4 54. Re2+ Kf4 55. Kh2 e4 56. Rf2+ Kg4 57. Re2 Re6 58. g3 Kf3 59. Re1 Kf2 60. Rb1 e3 61. Rxb6 Rxb6 62.
a5 Rb4 63. g4 Ra4 64. gxh5 gxh5 65. Kh3 Rxa5 66. Kh2 e2 67. Kh3 e1=Q 0-1

[Event "*** Titled Tuesday Blitz"]
[Site "Chess.com"]
[Date "2021.04.27"]
[Round "3"]
[White "Macron20hTF1"]
[Black "WonderChampion"]
[Result "1/2-1/2"]
[WhiteElo "2477"]
[BlackElo "2112"]
[TimeControl "180+1"]
[EndTime "10:29:55 PDT"]
[Termination "Game drawn - insufficient material"]

1. e4 c5 2. Nf3 g6 3. d4 cxd4 4. Nxd4 Nc6 5. c4 Nf6 6. Nc3 Nxd4 7. Qxd4 d6 8. Be3 Bg7 9. f3 O-O 10. Qd2 a5 11. Rc1 a4 12. Be2 Qa5 13. O-O Be6 14.
Rfd1 Rfc8 15. Nd5 Bxd5 16. Qxa5 Rxa5 17. cxd5 Raa8 18. Bb5 a3 19. bxa3 h5 20. a4 Kh7 21.
Kf2 Bh6 22. g3 g5 23. a5 g4 24. Bxh6 Kxh6 25. a4 gxf3 26. Kxf3 Kg6 27. h3 Nh7 28.
Kf4 Ng5 29. Bd7 Rxc1 30. Rxc1 Rxa5 31. Rc7 Rc5 32. Rxb7 Rc4 33. Bf5+ Kf6 34. a5 e6 35.
dxe6 fxe6 36. h4 e5+ 37. Ke3 Nf7 38. a6 Ra4 39. a7 Nh6 40. Rb8 Rxa7 41. Rf8+ Kg7 42.
Rd8 Ra3+ 43. Kf2 Ra2+ 44. Kf3 Ra3+ 45. Kg2 Ra2+ 46. Kh3 Rd2 47. Rd7+ Kf6 48. Bh7 Rd4 49. Kg2 Ng4 50. Bf5 Rd2+ 51. Kf1 Ne3+ 52. Ke1 Rg2 53. Rxd6+ Kf7 54. Rh6 Rxg3 55. Rh7+ Kf6 56. Rh6+ Kf7 57. Rxh5 Nxf5 58. Rxf5+ Ke6 59. h5 Rh3 60. Rg5 Rh4 61. Rg6+ Kf7 62. Ra6 Rxe4+ 63. Kf2 Rh4 64. h6 Kg8 65.
Kg3 Rh1 66. Kg4 Kh7 67. Kg5 Rg1+ 68. Kh5 Rh1+ 69. Kg5 Rg1+ 70. Kf5 Rh1 71. Ra8 Rxh6 72. Kxe5 Rg6 73. Ra7+ Kh6 74. Re7 Rg5+ 75. Kf4 Ra5 76. Re6+ Kg7 77. Re5 Rxe5 78. Kxe5 1/2-1/2

[Event "*** Titled Tuesday Blitz"]
[Site "Chess.com"]
[Date "2021.04.27"]
[Round "3"]
[White "karwowskikacper"]
[Black "WisdomGame"]
[Result "1-0"]
[WhiteElo "2425"]
[BlackElo "2113"]
[TimeControl "180+1"]
[EndTime "10:29:55 PDT"]
[Termination "karwowskikacper won by checkmate"]

1. e4 c5 2. Nf3 Nc6 3. d4 cxd4 4. Nxd4 Nf6 5. Nc3 e5 6. Ndb5 d6 7. Nd5 Nxd5 8. exd5 Ne7 9. c4 Nf5 10. Bd3 g6 11. Qa4 Bd7 12. Bxf5 gxf5 13. Qa3 Bxb5 14.
cxb5 Be7 15. Bh6 Rg8 16. g3 Qb6 17. Qa4 Bg5 18. Bxg5 Rxg5 19. Rc1 Rg4 20. Rc4 Rxc4 21. Qxc4 Qa5+ 22. b4 Qd8 23. O-O Rc8 24. Qd3 Qf6 25.
Qa3 f4 26. Rc1 Rxc1+ 27. Qxc1 f3 28. Qc8+ Ke7 29. Qxb7+ Kf8 30. Qc8+ Kg7 31. Qg4+ Kh8 32. h4 h6 33. a4 e4 34. Qxe4 Qa1+ 35. Kh2 Qxa4 36.
Qf4 Qxb5 37. Qxh6+ Kg8 38. Qg5+ Kh7 39. Qh5+ Kg7 40.
Qg4+ Kf8 41. Qxf3 Qxb4 42. Qf6 a5 43. h5 Qg4 44. Qxd6+ Kg8 45. Qd8+ Kh7 46. Qxa5 Qxh5+ 47. Kg2 Qf5 48. Qc5 Qe4+ 49. f3 Qe2+ 50. Qf2 Qe5 51.
Qc2+ Kg7 52. Qd3 Qb2+ 53. Kh3 Qf6 54. g4 Qh6+ 55. Kg3 Qd6+ 56. f4 f6 57. Qd4 Kf7 58. Kf3 Qa3+ 59. Qe3 Qd6 60. Qa7+ Kg6 61. f5+ Kh6 62.
Qe3+ Kg7 63. Qd4 Qa3+ 64. Ke4 Qd6 65. g5 Qe7+ 66. Kf3 Kh7 67. g6+ Kg7 68. d6 Qd7 69. Qd5 Kf8 70. Kg4 Kg7 71. Kh5 Kf8 72. Qe6 Qxe6 73.
fxe6 Kg7 74. e7 f5 75. e8=Q f4 76. Qf7+ Kh8 77. Qh7# 1-0

[Event "*** Titled Tuesday Blitz"]
[Site "Chess.com"]
[Date "2021.04.27"]
[Round "3"]
[White "IANOV0007"]
[Black "Alexsur1981"]
[Result "0-1"]
[WhiteElo "2464"]
[BlackElo "2861"]
[TimeControl "180+1"]
[EndTime "10:29:57 PDT"]
[Termination "Alexsur1981 won on time"]

1. Nf3 Nf6 2. g3 g6 3. b3 Bg7 4. Bb2 O-O 5. Bg2 c5 6. c4 Nc6 7. O-O d6 8. Nc3 Bd7 9. h3 Rc8 10. Kh2 a6 11. d3 Qc7 12. Rc1 Qb8 13. Qd2 b5 14. cxb5 axb5 15. d4 cxd4 16. Nb1 e5 17.
e3 Ne4 18. Qe2 dxe3 19. Qxe3 d5 20. Rfd1 Be6 21. Nbd2 Nxd2 22. Qxd2 h6 23. Re1 d4 24.
Rxc6 Rxc6 25. Nxe5 Rd6 26. Ba3 Bxe5 27. Rxe5 Rdd8 28.
Re1 Rfe8 29. Qxh6 Bf5 30. Rd1 Qe5 31. Bb2 Be4 32. Re1 Qd5 33. Rd1 Qe5 34. Re1 Qf5 35. f3 Bxf3 36. Bxd4 f6 37. Rf1 Rxd4 38. Rxf3 Qg5 39.
Qxg5 fxg5 40. Rf2 b4 41. Bf1 Kg7 42. Bc4 g4 43. hxg4 Rxg4 44. Kh3 Rd4 45. Rf7+ Kh6 46. Rb7 Rd2 47. Rxb4 Rxa2 48. Rb6 Re5 49. Bd3 Rh5+ 50. Kg4 Rg5+ 51. Kf3 Rd2 52. Be4 Rd1 53. g4 Rf1+ 54.
Ke2 Rg1 55. Bf3 Re5+ 56. Kf2 Rb1 57. b4 Kg5 58. b5 Rb2+ 59. Kg3 Rbxb5 60. Rxb5 Rxb5 61.
Be4 Rb4 62. Bf3 Rb3 63. Kf2 Kf4 64. Be2 Rb2 65. Kf1 Kg3 66. Ke1 g5 67. Kd1 Rxe2 68. Kxe2 Kxg4 69. Kf2 Kh3 70. Kg1 Kg3 71. Kh1 Kf2 72.
Kh2 g4 73. Kh1 Kf3 74. Kg1 Kg3 75. Kh1 Kf2 76. Kh2 g3+ 77. Kh3 g2 0-1

[Event "*** Titled Tuesday Blitz"]
[Site "Chess.com"]
[Date "2021.04.27"]
[Round "3"]
[White "DenLaz"]
[Black "Nikolakis2014"]
[Result "0-1"]
[WhiteElo "2818"]
[BlackElo "2630"]
[TimeControl "180+1"]
[EndTime "10:30:05 PDT"]
[Termination "Nikolakis2014 won by resignation"]

1. d4 Nf6 2. c4 e6 3. Nf3 c5 4.
d5 d6 5. Nc3 exd5 6. cxd5 g6 7.
h3 Bg7 8. e4 O-O 9. Bd3 a6 10.
a4 Nbd7 11. O-O Re8 12. Bf4 c4 13. Bc2 Nc5 14. Re1 Rb8 15. Nd4 Nh5 16. Be3 Be5 17. Nf3 Bxc3 18. bxc3 Nxe4 19. Bd4 f5 20. Bxe4 fxe4 21.
Nd2 Bf5 22. Nxc4 Nf4 23. Ne3 Qg5 24. Kh2 Rf8 25. Qc2 Nd3 26. Re2 Rf7 27. Nxf5 gxf5 28. Re3 Kf8 29. Rxd3 exd3 30. Qxd3 Re8 31. Rb1 f4 32.
Qf3 Qf5 33. Rb6 Qg6 34. a5 Re1 35. Rb2 Qe4 36. Qxe4 Rxe4 37. f3 Re1 38. Rb6 Ra1 39.
Rxd6 Rxa5 40. c4 Ra4 41. Bc5 Ke8 42. Re6+ Kd7 43. Rd6+ Kc8 44. Rh6 Rxc4 45. Bb6 Rb4 46. Bc5 Rb5 47. Bd6 Rxd5 48. Bb4 Rdd7 49. Bc3 Rd5 50. Be1 a5 51. Rh4 b6 52. Rg4 Rdf5 53. Bc3 Kb7 54. Rg8 Ka6 55. Ra8+ Kb5 56. Rb8 Rc5 57.
Bd4 Rc6 58. Re8 Kc4 59. Re4 Kd3 60. Bg1 b5 61. Rd4+ Kc2 62. Rd5 Rb7 63. Rd4 a4 64. Rxf4 b4 65. Rf8 b3 66. Ra8 b2 67. Rxa4 b1=Q 68. Re4 Qb3 69. Bf2 Qf7 70. Re2+ Kd1 71. Re3 Kd2 72. Re4 Rc2 73. Rc4 Rxc4 74. Bg3 Qf4 75.
h4 Qxh4+ 76. Bxh4 Rxh4+ 77. Kg3 Rh6 78. Kf2 Rg6 79. g4 Rbg7 80. Kg3 Rxg4+ 81. fxg4 h5 82. Kh4 Rxg4+ 83. Kxh5 Rg2 84. Kh6 Ke3 85. Kh7 Kf4 86.
Kh8 Kf5 0-1

[Event "*** Titled Tuesday Blitz"]
[Site "Chess.com"]
[Date "2021.04.27"]
[Round "3"]
[White "sokidze"]
[Black "mamey78"]
[Result "1/2-1/2"]
[WhiteElo "2703"]
[BlackElo "2494"]
[TimeControl "180+1"]
[EndTime "10:30:09 PDT"]
[Termination "Game drawn - timeout vs insufficient material"]

1. e4 e5 2. Nf3 Nc6 3. Bb5 a6 4. Ba4 Nf6 5. O-O b5 6. Bb3 Be7 7. Re1 O-O 8. a4 Bb7 9. d3 Re8 10. c3 Bf8 11. Nbd2 d5 12. exd5 Nxd5 13. Ne4 Qd7 14.
Nfg5 Rad8 15. Nxh7 Kxh7 16. Bxd5 Qxd5 17. Qh5+ Kg8 18.
Ng5 Bd6 19. c4 bxc4 20. dxc4 Qxc4 21. b3 Qd5 22. Qh7+ Kf8 23. Qh8+ Ke7 24. Qxg7 Nd4 25. Ne4 Ne2+ 26. Kf1 Qxe4 27. Bg5+ Kd7 28. Bxd8 Qxg2+ 29. Qxg2 Bxg2+ 30. Kxg2 Nf4+ 31. Kf3 Rxd8 32. h4 Rb8 33.
Rab1 Rh8 34. Rh1 f5 35. b4 e4+ 36. Ke3 Nd5+ 37. Kd4 Nxb4 38. Rbg1 Nc6+ 39. Kc4 Ne5+ 40. Kb3 Nf3 41. Rg7+ Ke6 42. h5 Be5 43. Rg6+ Kf7 44. Rc6 Nd4+ 45. Kc4 Nxc6 46. Kd5 Kf6 47. Kxc6 Rh6 48. Kb7 Kg5 49. a5 Kf4 50. Rh3 Bd4 51. Rh4+ Kf3 52. Rh3+ Kg2 53. Rg3+ Kxf2 54. Rg5 f4 55.
Rg4 f3 56. Rxe4 Be3 57. Ka8 Ke2 58. Ra4 f2 59. Ra2+ Bd2 60. Ra4 f1=Q 61. Re4+ Be3 62. Rb4 Qf3+ 63. Kb8 Rxh5 64. Rb2+ Bd2 65. Rb7 Rh8+ 66.
Ka7 Qxb7+ 67. Kxb7 c5 68. Ka7 c4 69. Kxa6 c3 70.
Kb5 c2 71. Kb6 c1=Q 72. a6 Rh6+ 73. Ka7 Qb2 74. Ka8 Qa3 75. Ka7 Qxa6+ 76. Kb8 1/2-1/2

[Event "*** Titled Tuesday Blitz"]
[Site "Chess.com"]
[Date "2021.04.27"]
[Round "3"]
[White "Ajedrez_con_German"]
[Black "tteshan"]
[Result "1-0"]
[WhiteElo "2532"]
[BlackElo "2253"]
[TimeControl "180+1"]
[EndTime "10:30:11 PDT"]
[Termination "Ajedrez_con_German won by resignation"]

1. d4 d5 2. c4 dxc4 3. e3 Nf6 4. Bxc4 e6 5. Nf3 a6 6. O-O b5 7. Bb3 Bb7 8. a4 b4 9. Nbd2 Nbd7 10. Qe2 c5 11.
Rd1 Be7 12. Nc4 Qc7 13. Bd2 O-O 14. Rac1 Rac8 15. Be1 Qb8 16. h3 Rfd8 17. Na5 cxd4 18. Nxb7 Qxb7 19. Nxd4 Nc5 20. Bc4 Nd5 21. Nb3 Nxb3 22.
Bxb3 Nb6 23. Rxc8 Rxc8 24. a5 Nd7 25. Bc4 Nc5 26. b3 h6 27. Qd2 Rd8 28. Qc1 Rc8 29. Qd2 Rd8 30. Qe2 Rc8 31. Bd2 Bd8 32. Ra1 Bf6 33.
Ra2 Rd8 34. Qe1 Rb8 35. Rc2 Ne4 36. Qe2 Nxd2 37. Qxd2 Rd8 38. Qe2 Rd6 39. Rd2 Rxd2 40. Qxd2 Qc7 41. Qxb4 Qd7 42. Bxa6 Qd1+ 43. Bf1 Be5 44.
g3 Bc7 45. a6 Qd8 46. a7 Qa8 47. Qe7 Bb6 48. Bc4 Qxa7 49. Qe8+ Kh7 50. Qa4 Qxa4 51. bxa4 Kg6 52. Kf1 Kf6 53. Ke2 Ke5 54. f4+ Kd6 55. Kd3 Kc5 56. Bb5 Bd8 57. Be8 f6 58. Ke4 Kd6 59.
g4 Ke7 60. Bb5 Kd6 61. Kd3 Kc5 62. Bd7 Kd6 63. Be8 Ba5 64. Kc4 Bb6 65. e4 Kc7 66.
Kb5 Be3 67. f5 exf5 68. gxf5 Kb7 69. a5 Bf4 70. a6+ Ka7 71. Bc6 Be5 72. Bb7 Bf4 73.
Kc6 Bg5 74. Kd5 h5 75. Ke6 Bh6 76. Kf7 h4 77. Kg6 Kb6 78. Kh5 Bg5 79. Kg6 Bh6 80. Kf7 Ka7 81. Kg6 Kb8 82. Kh5 Bg5 83. e5 Ka7 84. e6 g6+ 85. Kxg6 Bf4 86. e7 1-0

[Event "*** Titled Tuesday Blitz"]
[Site "Chess.com"]
[Date "2021.04.27"]
[Round "3"]
[White "Alexander_Moskalenko"]
[Black "Manukyan_Artak"]
[Result "1/2-1/2"]
[WhiteElo "2747"]
[BlackElo "2461"]
[TimeControl "180+1"]
[EndTime "10:30:16 PDT"]
[Termination "Game drawn by repetition"]

1. b3 Nf6 2. Bb2 g6 3. Bxf6 exf6 4. c4 f5 5. Nc3 h5 6. h4 f4 7. Rc1 c6 8. Qc2 d6 9. Qe4+ Qe7 10. Qxf4 Bh6 11. Qe4 Be6 12. Nf3 Nd7 13. e3 O-O-O 14. Nd5 Qf8 15. Nf4 Bf5 16. Qd4 Kb8 17. Ne2 Bg7 18. Qf4 Ne5 19. Nc3 Nd3+ 20. Bxd3 Bxd3 21. Ng5 f5 22. Ne6 Qe7 23. Nxg7 Qxg7 24. f3 Qe5 25. Kf2 Rhe8 26. Qd4 Qxd4 27. exd4 f4 28. Rce1 Kc7 29.
Rxe8 Rxe8 30. Re1 Kd7 31. Rxe8 Kxe8 32. d5 c5 33. Nb5 Kd7 34. Nc3 a6 35. Ne2 Bb1 36.
Nc3 Bd3 37. g3 fxg3+ 38. Kxg3 b5 39. cxb5 axb5 40. a3 b4 41. axb4 cxb4 42. Na2 Bc2 43. Nxb4 Bxb3 44. Kf4 Ke7 45. Kg5 Kf7 46. f4 Bd1 47.
Nc6 Bc2 48. Nd4 Be4 49. f5 gxf5 50. Nxf5 Bxd5 51. Kxh5 Bf3+ 52. Kg5 d5 53. h5 Kg8 54. h6 Kh8 55. Ne7 Be4 56. d4 Kh7 57.
Nc6 Bb1 58. Ne5 Be4 59. Nd7 Bb1 60. Nf6+ Kh8 61. Kf4 Ba2 62. Ke5 Bb3 63. Kd6 Ba2 64.
Ke7 Bb3 65. Kf7 Ba2 66. Kg6 Bb1+ 67. Kg5 Ba2 68. Kh4 Bb3 69. Kg4 Ba2 70. Kf5 Bb3 71.
Kf4 Ba2 72. Ke3 Bb3 73. Kd2 Ba2 74. Kc3 Bc4 75. Kb4 Ba2 76. Kc5 Bc4 77. Kc6 Ba2 78.
Kd7 Bc4 79. Ke6 Ba2 80. Kf5 Bc4 81. Ng4 Kh7 82. Kg5 Ba2 83. Nf6+ Kh8 84. Nd7 Kh7 85. Nf6+ Kh8 1/2-1/2

[Event "*** Titled Tuesday Blitz"]
[Site "Chess.com"]
[Date "2021.04.27"]
[Round "3"]
[White "erdni1993"]
[Black "mbojan"]
[Result "1/2-1/2"]
[WhiteElo "2425"]
[BlackElo "2645"]
[TimeControl "180+1"]
[EndTime "10:30:19 PDT"]
[Termination "Game drawn - insufficient material"]

1. e4 c6 2. d4 d5 3. Nd2 dxe4 4.
Nxe4 Nf6 5. Nxf6+ exf6 6. c3 Bd6 7. Nf3 O-O 8. h3 Re8+ 9. Be2 Nd7 10. O-O Nf8 11. Re1 Ng6 12. Bf1 Be6 13. Bd2 Qc7 14. c4 Rad8 15. Bc3 Nf4 16. Qa4 a6 17. c5 Bf8 18.
Ba5 Qd7 19. Bxd8 Rxd8 20. Re4 g5 21. Bc4 Bf5 22. Rxf4 gxf4 23. Re1 Be6 24. Bxe6 fxe6 25. Qb3 Re8 26. Re4 Bh6 27. Nd2 Kf7 28. Nc4 Bf8 29. Rxf4 Kg7 30. Qg3+ Kh8 31. Rxf6 Qxd4 32. Ne5 Bg7 33.
Nf7+ Kg8 34. Rf4 Qd1+ 35. Kh2 Qh5 36. Nd6 Re7 37. Rg4 Kh8 38. Ne4 h6 39. Qb8+ Qe8 40.
Qxe8+ Rxe8 41. Nd6 Re7 42. g3 Bxb2 43. Rb4 Ba3 44.
Rxb7 Rxb7 45. Nxb7 Kg7 46. Nd8 Kf6 47. Nxc6 Bxc5 48. Kg2 e5 49. Kf3 Ke6 50. Ke4 Bxf2 51. Nxe5 Bxg3 52. Ng4 h5 53. Ne3 Bc7 54. Nc4 Kf6 55.
a4 Kg5 56. Kf3 Kf5 57. Ne3+ Ke5 58. Nc2 a5 59. Ne3 Kd4 60. Nf5+ Kc4 61. Ke4 Kb4 62. Kd3 Kxa4 63. Kc2 Kb4 64. Ng7 h4 65. Ne6 Bg3 66. Nd4 a4 67. Nc6+ Kb5 68. Nd4+ Kc4 69. Nf3 a3 70. Nd2+ Kb4 71. Nf3 Bf2 72. Nd2 Bd4 73.
Kb1 Kc3 74. Nf3 Bf6 75. Ka2 Kb4 76. Nd2 Bc3 77. Nf3 Bf6 78. Nd2 Be5 79. Nf3 Bg3 80. Nd2 Ka4 81. Nf3 Kb4 82. Nd2 Kc3 83. Nf3 Kd3 84. Nxh4 Bxh4 85. Kxa3 Ke3 86. Kb3 Kf3 87. Kc4 Kg3 88. Kd5 Kxh3 1/2-1/2

[Event "*** Titled Tuesday Blitz"]
[Site "Chess.com"]
[Date "2021.04.27"]
[Round "3"]
[White "chess94cu"]
[Black "Msb2"]
[Result "1/2-1/2"]
[WhiteElo "2581"]
[BlackElo "2884"]
[TimeControl "180+1"]
[EndTime "10:30:34 PDT"]
[Termination "Game drawn by stalemate"]

1. e4 c6 2. d4 d5 3. Nd2 dxe4 4. Nxe4 Nf6 5. Nxf6+ exf6 6. c3 Bf5 7. Ne2 Bd6 8.
Ng3 Bg6 9. Bc4 O-O 10. O-O Nd7 11. Qf3 Qc7 12. Bd2 c5 13. Rac1 Qb6 14. Nf5 cxd4 15. cxd4 Rfd8 16. Bc3 Bf8 17. Rfe1 Rac8 18. Bb3 Re8 19.
h4 h5 20. Ng3 Qb5 21. Re3 Rxe3 22. Qxe3 Nb6 23. Qf3 Nc4 24. Re1 Nd6 25. Qf4 a5 26. Bd1 a4 27. a3 Nc4 28. Be2 Qd5 29. Bf3 Qd7 30. Nxh5 Nxa3 31. Ng3 Nb5 32. h5 Bh7 33. Bg4 Qc7 34. Qf3 Rd8 35. h6 gxh6 36. Nf5 Bg6 37. Bh5 a3 38. Nh4 a2 39. Bxg6 fxg6 40. Nxg6 Qf7 41. Nf4 Re8 42. Ra1 Kh8 43. Nh5 Bg7 44.
d5 Nxc3 45. bxc3 f5 46. Rxa2 Be5 47. g3 Bd6 48. Rb2 Rg8 49. Kg2 f4 50. g4 Qxh5 51.
Rxb7 Qxg4+ 52. Qxg4 Rxg4+ 53. Kf3 Rh4 54. Rd7 Be5 55. c4 Kg8 56. c5 Kf8 57. c6 Ke8 58. d6 Rh1 59. Re7+ Kd8 60. Rxe5 Rd1 61. Re6 Rd4 62.
Rxh6 Ke8 63. Rf6 Rd3+ 64. Ke4 Rc3 65. Ke5 Rc5+ 66. Ke6 Rxc6 67. Rh6 Kf8 68. Rh8+ Kg7 69. Rd8 Rc1 70. Rd7+ Kg6 71. Rc7 Re1+ 72. Kd5 Re2 73. d7 Rxf2 74. Rc6+ Kf5 75. Rd6 Rd2+ 76. Kc6 Rc2+ 77.
Kb7 f3 78. d8=Q Rb2+ 79. Kc7 Kg4 80. Qg8+ Kf4 81. Qf7+ Ke3 82. Qe6+ Kf2 83. Qe5 Re2 84. Qf4 Rc2+ 85. Kd7 Ke2 86. Qe4+ Kf1 87. Qxc2 f2 88.
Qd1+ Kg2 89. Rg6+ Kh2 90. Rf6 Kg3 91. Qe2 Kh4 92. Qf1 Kg5 93. Qxf2 Kh5 94. Qf4 1/2-1/2